 Dungeon Crawl Stone Soup version 0.31.0-12-g77e489cdc1 (webtiles) character file.

Game seed: 11697612152210456750

51 H0rd4k the Charlatan (level 3, -1/23 HPs)
             Began as an Octopode Artificer on Feb 29, 2024.
             Slain by a goblin
             ... wielding a +0 club
             ... led by Robin
              (5 damage)
             ... on level 2 of the Dungeon.
             The game lasted 00:01:04 (1202 turns).

H0rd4k the Charlatan (Octopode Artificer)           Turns: 1202, Time: 00:01:05

Health: -1/23      AC:  1    Str: 11    XL:     3   Next: 81%
Magic:  3/3        EV: 13    Int: 15    God:
Gold:   85         SH:  0    Dex: 12    Spells: 2/2 levels left

rFire   . .          .
                       - Unarmed
rCold   . . .        (no shield)
rNeg    . . .        (helmet restricted)
rPois   .            (no amulet)
rElec   .            i - ring of wizardry
rCorr   .            j - ring of wizardry
SInv    .            (no ring)
Will    .....        (no ring)
Stlth   +++          (no ring)
HPRegen 0.23/turn    (no ring)
MPRegen 0.08/turn    (no ring)
                     (no ring)

%: wizardry (x2)
@: no status effects
A: almost no armour, amphibious, 8 rings, camouflage 1, gelatinous body 1,
(nimble swimmer 1), tentacles
a: no special abilities


You were on level 2 of the Dungeon.
You visited 1 branch of the dungeon, and saw 2 of its levels.

You collected 85 gold pieces.

Inventory:

Missiles
 l - a throwing net
Jewellery
 i - a ring of wizardry (left tentacle)
 j - a ring of wizardry (right tentacle)
Wands
 b - a wand of flame (15) (quivered)
 c - a wand of charming (15)
 d - a wand of iceblast (5)
Scrolls
 a - a scroll of silence {unknown}
 e - 2 scrolls of amnesia {unknown}
 k - a scroll of identify {unknown}
 n - a scroll of immolation {unknown}
Potions
 f - a potion of might {unknown}
 g - a potion of lignification {unknown}
 h - a potion of ambrosia {unknown}
 m - a potion of resistance {unknown}


   Skills:
 + Level 1.5 Fighting
 - Level 2.3 Dodging
 - Level 1.3 Stealth
 + Level 3.0 Unarmed Combat
 - Level 3.2 Evocations


You had 2 spell levels left.
You didn't know any spells.
Your spell library contained the following spells:

 Spells                   Type           Power      Damage    Failure   Level
 Necrotise                Necr           0%         1d4       7%          1
 Blink                    Tloc           0%         N/A       11%         2
 Lesser Beckoning         Tloc           0%         N/A       11%         2
 Momentum Strike          Conj/Tloc      0%         3d8       11%         2
 Vampiric Draining        Necr           0%         2d6       21%         3
 Martyr's Knell           Necr/Summ      0%         N/A       54%         4
 Curse of Agony           Necr           0%         N/A       85%         5


Dungeon Overview and Level Annotations

Branches:
Dungeon (2/15)

Altars:

Annotations:
D:2 Robin


Innate Abilities, Weirdness & Mutations

You cannot wear most types of armour.
You are amphibious.
You can wear up to eight rings at the same time.
Your skin changes colour to match your surroundings (Stealth+).
Your rubbery body absorbs attacks. (AC +1, EV +1)
((You are camouflaged when in or above water. (Stealth+)))
You have tentacles for arms and can constrict up to eight enemies at once.


Message History

Key pressed, stopping explore.
No target in view!
You enter the shallow water.
You see here a hobgoblin skeleton.
There is a large open door here.
The goblin shouts!
You hear a shout!
A goblin comes into view. It is wielding a +0 dagger.
A goblin comes into view. It is wielding a +0 club.
The goblin shouts! x2; The rat squeaks loudly.
You hear a shout! x2
The rat twitches its whiskers.
A goblin comes into view. It is wielding a +0 club.
There are monsters nearby!
You enter the deep water.
Found a dark potion.
Robin shouts!
The hobgoblin shouts!
The hobgoblin shouts! x2
Robin roars a battlecry!
The goblins go into a battle-frenzy!
The goblin shouts!
You enter the deep water.
The goblin attacks as it pursues you! The goblin hits you with a +0 club.
The goblin attacks as it pursues you! The goblin hits you with a +0 dagger.
Robin throws the goblin at you! The goblin misses you.
You barely miss the goblin. Your grab misses the goblin.
The goblin hits you with a +0 dagger.
Robin says, "Duck!"
The goblin hits you with a +0 club.
You tentacle-slap the goblin.
You kill the goblin!
The goblin hits you with a +0 dagger. The goblin hits you with a +0 club.
The goblin hits you with a +0 club!
* * * LOW HITPOINT WARNING * * *
Things that are here:
a +0 club; a goblin corpse The goblin attacks as it pursues you!
The goblin misses you. Robin throws the goblin at you!
* * * LOW HITPOINT WARNING * * *
You tentacle-slap the goblin.
You kill the goblin!
The goblin hits you with a +0 club.
You die...

.#~~~.~..........r......
.~~♣.♣~..♣....#g.<.....
.##~~~.≈..g....#.......)
...~~~.~ggg#####........
.~~≈~~.~ggg....'........
.~..≈~~.≈rg#####........
#!..♣~gg♣## #########
###..#g## #.##@#
########## #. #)#
#........# # #
#.###........# #
#...#........# #
###''........# #
#...........# #
#.....####### #
###.....######### #
..................'


You could see Robin, 4 hobgoblins, 5 goblins and a rat.

Vanquished Creatures
  An adder (D:2)
  A gnoll (D:1)
  2 bats (D:1)
  3 endoplasms
  2 giant cockroaches
  6 goblins
  3 hobgoblins (D:2)
  4 ball pythons
  5 frilled lizards
  2 kobolds
  4 rats
33 creatures vanquished.

Notes
Turn   | Place    | Note
-------+----------+-------------------------------------------
     0 | D:1      | H0rd4k the Octopode Artificer began the quest for the Orb.
     0 | D:1      | Reached XP level 1. HP: 13/13 MP: 1/1
    99 | D:1      | Reached skill level 1 in Unarmed Combat
   146 | D:1      | Reached XP level 2. HP: 18/18 MP: 2/2
   270 | D:1      | Found a faded altar of an unknown god.
   486 | D:1      | Reached XP level 3. HP: 10/23 MP: 3/3
   975 | D:2      | Noticed Robin
  1202 | D:2      | Slain by a goblin

Illustrated notes

Levels and vault maps discovered:
D:1:      mrwooster_arrival_statue_3, layout_basic,
          dilly_ecumenical_altar_fadedgnrine
D:2:      layout_basic, serial_rivers, chequers_serial_rivers_large_b,
          chequers_serial_rivers_small_a, chequers_serial_rivers_micro_a,
          chequers_serial_rivers_small_a, chequers_serial_rivers_marsh,
          chequers_serial_rivers_marsh, chequers_serial_rivers_micro_c,
          uniq_robin

Skill      XL: |  1  2  3 |
---------------+----------+-----
Unarmed Combat | 1 2 3 |  3.0
Fighting       | |  1.5
Dodging        | |  2.3
Stealth        | |  1.3
Evocations     | |  3.2

Action                     || total
---------------------------++-------
  Melee: Unarmed           ||    88
         Constrict         ||    18
         Tentacles         ||    13
   Stab: Sleeping          ||     4
 Armour: Skin              ||    45
  Dodge: Dodged            ||    64
